Map: 2000 Atmospheres LE

Players

Bunny

  • Race: Terran Terran

SKillous - Winner!

  • Race: Protoss Protoss
  • League: Master

VOD

Have the link to the VOD?

Description

Time

  • Played on: Oct. 21, 2021, 7:40 a.m.
  • Length: 9:12
Show
View Real Time Build Order
Export as new Build Order

Bunny Terran 

Build Orders:  

Get SALT Encoding   

  12  0:00  SCV  
  13  0:12  SCV  
  14  0:17  Supply Depot  
  14  0:24  SCV  
  15  0:38  SCV  
  15  0:39  Barracks  
  16  0:43  Refinery  
  16  0:50  SCV  
  17  1:02  SCV  
  18  1:15  SCV  
  19  1:26  Marine  
  19  1:27  Orbital Command  
  20  1:38  Command Center  
  21  1:49  Factory  
  21  1:52  SCV  
  21  1:59  Supply Depot  
  21  2:03  Barracks Reactor  
  21  2:05  SCV  
  22  2:09  Refinery  
  22  2:17  SCV  
  23  2:29  SCV  
  24  2:33  Hellion  
  26  2:37  Starport  
  26  2:39  Marine x2  
  26  2:41  SCV  
  29  2:50  Orbital Command  
  29  2:55  SCV, Hellion  
  29  2:57  Marine  
  33  2:59  Marine  
  34  3:08  SCV  
  35  3:13  Medivac  
  35  3:16  Hellion  
  35  3:17  Marine  
  40  3:20  Marine  
  40  3:23  SCV  
  40  3:24  SCV  
  43  3:27  Supply Depot  
  43  3:35  Marine  
  43  3:38  Marine, SCV, Factory Tech Lab  
  46  3:44  Starport Tech Lab  
  46  3:49  SCV  
  46  3:50  Barracks  
  46  3:52  Barracks  
  47  3:59  SCV  
  47  4:01  Marine x2, SCV  
  51  4:06  Supply Depot  
  51  4:14  Cyclone  
  51  4:15  Starport Reactor  
  54  4:21  SCV  
  54  4:23  SCV  
  54  4:28  Marine x2  
  55  4:33  SCV  
  55  4:35  SCV  
  52  4:42  Refinery  
  50  4:45  Marine x2  
  50  4:50  SCV x2  
  48  4:53  Marine, Engineering Bay, Stimpack  
  48  4:55  Supply Depot  
  48  4:57  Marine, Combat Shield  
  48  4:58  Factory Reactor  
  49  5:00  Medivac x2  
  49  5:03  Marine x2  
  49  5:04  SCV x2  
  57  5:08  Refinery  
  57  5:12  Marine  
  55  5:15  Marine  
  55  5:19  SCV x2  
  57  5:21  Marine x2  
  57  5:28  Terran Infantry Weapons Level 1, Supply Depot  
  58  5:31  Marine, SCV x2  
  58  5:33  Marine  
  64  5:35  Widow Mine  
  64  5:38  Widow Mine  
  64  5:39  Marine  
  64  5:40  Medivac  
  69  5:46  Supply Depot  
  69  5:49  Medivac  
  69  5:50  Marine x3  
  69  5:56  Supply Depot  
  69  5:57  Marine  
  72  5:59  SCV x2  
  75  6:09  Marine, Marauder x2  
  80  6:12  Widow Mine  
  80  6:13  Widow Mine  
  80  6:14  Marine  
  80  6:18  Supply Depot  
  85  6:20  Concussive Shells  
  85  6:21  SCV x2  
  87  6:27  Medivac, Supply Depot  
  87  6:31  Medivac  
  91  6:35  Marauder  
  93  6:41  Marauder  
  93  6:44  Marine x2  
  88  6:54  Widow Mine x2  
  88  6:59  Marauder  
  88  7:00  SCV x2  
  86  7:01  Medivac x2  
  86  7:02  Marauder  
  86  7:06  Marine x2  
  83  7:18  Missile Turret  
  83  7:19  Command Center  
  84  7:23  Marine, Marauder x2  
  84  7:29  Widow Mine x2  
  82  7:33  Medivac  
  82  7:34  Medivac  
  86  7:41  Marine x2  
  86  7:47  Barracks x2  
  86  7:50  Marine x2  
  88  7:54  Widow Mine  
  88  7:57  Widow Mine  
  93  7:58  Marine, SCV x2  
  93  7:59  Marine  
  93  8:03  Armory  
  96  8:07  Supply Depot  
  96  8:08  Medivac  
  98  8:13  Marauder  
  98  8:15  Marauder  
  98  8:16  Marine  
  98  8:17  Marine  
  104  8:21  Widow Mine x2  
  105  8:30  SCV  
  105  8:31  SCV  
  102  8:34  Marine  
  102  8:35  Marine  
  102  8:36  Barracks Tech Lab  
  102  8:37  Barracks Reactor  
  104  8:42  Marauder x2  
  104  8:43  Widow Mine x2  
  111  8:54  Marine x3  
Show
View Real Time Build Order
Export as new Build Order

SKillous Protoss - Winner!

Build Orders: 1 Gate Expand, Phoenix Opening 

Get SALT Encoding   

  12  0:00  Probe  
  13  0:12  Probe  
  14  0:17  Pylon  
  14  0:24  Probe (Chrono Boost)  
  15  0:36  Probe (Chrono Boost)  
  15  0:37  Gateway  
  16  0:45  Probe (Chrono Boost)  
  16  0:47  Assimilator  
  17  0:51  Probe  
  18  1:03  Probe  
  19  1:15  Probe  
  20  1:24  Cybernetics Core  
  20  1:34  Nexus  
  20  1:40  Pylon  
  20  1:43  Probe  
  21  1:48  Assimilator  
  21  1:55  Probe  
  21  1:57  Adept (Chrono Boost)  
  24  2:07  Probe  
  25  2:17  Stargate  
  25  2:18  Adept (Chrono Boost)  
  25  2:19  Probe  
  28  2:31  Probe, Warp Gate  
  29  2:41  Adept  
  31  2:45  Probe (Chrono Boost)  
  33  2:51  Probe (Chrono Boost)  
  33  2:55  Probe (Chrono Boost)  
  35  2:58  Probe (Chrono Boost)  
  35  3:00  Probe (Chrono Boost), Phoenix (Chrono Boost)  
  38  3:09  Probe  
  38  3:12  Probe  
  40  3:13  Pylon  
  40  3:18  Gateway  
  40  3:21  Probe  
  40  3:22  Phoenix (Chrono Boost)  
  43  3:27  Probe  
  43  3:34  Probe  
  45  3:39  Probe  
  46  3:46  Probe, Phoenix  
  49  3:52  Shield Battery  
  49  3:55  Probe  
  50  3:58  Probe  
  51  4:04  Pylon  
  51  4:07  Probe  
  51  4:08  Pylon  
  52  4:13  Phoenix  
  54  4:23  Adept x2  
  56  4:24  Probe  
  57  4:34  Probe  
  57  4:37  Probe  
  57  4:38  Phoenix  
  57  4:41  Nexus  
  57  4:46  Probe  
  57  4:49  Probe  
  57  4:51  Assimilator  
  59  4:54  Assimilator  
  59  4:58  Twilight Council  
  59  4:59  Probe, Forge  
  60  5:01  Probe  
  60  5:03  Phoenix  
  63  5:11  Probe  
  63  5:14  Probe  
  63  5:23  Probe  
  63  5:26  Probe, Gateway  
  63  5:27  Protoss Ground Armor Level 1 (Chrono Boost), Gateway x2  
  61  5:28  Gateway  
  61  5:29  Charge (Chrono Boost)  
  61  5:35  Probe  
  62  5:38  Probe  
  62  5:42  Gateway, Phoenix (Chrono Boost)  
  63  5:43  Gateway  
  66  5:50  Probe  
  66  5:53  Shield Battery  
  66  5:54  Adept  
  66  5:57  Adept  
  70  5:58  Probe x2  
  70  6:02  Probe  
  73  6:04  Pylon  
  73  6:08  Phoenix (Chrono Boost)  
  73  6:10  Probe  
  76  6:14  Probe  
  77  6:21  Pylon  
  77  6:22  Probe, Pylon  
  77  6:23  Sentry x2, Pylon  
  82  6:26  Probe  
  82  6:27  Phoenix  
  85  6:40  Zealot x5  
  85  6:46  Zealot x2  
  93  6:58  Phoenix  
  95  7:07  Zealot x7  
  99  7:18  Pylon  
  99  7:20  Pylon  
  99  7:23  Phoenix  
  99  7:27  Probe  
  102  7:33  Zealot x3  
  108  7:38  Probe  
  108  7:43  Gateway  
  107  7:48  Phoenix  
  107  7:49  Templar Archives  
  109  7:52  Zealot x5  
  109  7:55  Zealot x3  
  125  8:01  Pylon  
  125  8:03  Shield Battery  
  125  8:07  Photon Cannon  
  125  8:13  Pylon  
  125  8:14  Pylon  
  125  8:19  Phoenix  
  127  8:20  Zealot x3  
  133  8:33  Zealot x5  
  143  8:37  Nexus  
  143  8:41  Pylon  
  133  8:59  Zealot x9  
Tags
 
Add a new tag
Caveats
  • Supply blocks, unpowered buildings, or Contaminate may cause inaccurate times.
  • Supply counts are checked every 10 seconds.